 Dungeon Crawl Stone Soup version 0.29.1-14-g9c671dbff4 (webtiles) character file.

Game seed: 14879819806201429506

309 Allula97 the Slasher (level 6, -8/48 HPs)
             Began as a Demonspawn Monk on Feb 12, 2023.
             Was a Believer of Okawaru.
             Mangled by an ogre
             ... wielding a +0 giant club
              (21 damage)
             ... on level 4 of the Dungeon.
             The game lasted 00:10:32 (3751 turns).

Allula97 the Slasher (Demonspawn Monk)              Turns: 3751, Time: 00:10:33

Health: -8/48      AC: 18    Str: 11    XL:     6   Next: 17%
Magic:  6/6        EV:  3    Int: 12    God:    Okawaru [**....]
Gold:   273        SH:  4    Dex: 17    Spells: 5/5 levels left

rFire   . . .      SeeInvis .   v - +4 quarterstaff (chaos)
rCold   . . .      Faith    .   (shield currently unavailable)
rNeg    . . .      Spirit   .   g - +0 plate armour
rPois   .          Reflect  .   (no helmet)
rElec   .          Harm     .   w - +0 cloak
rCorr   .          Rampage  .   h - +0 pair of gloves
Will    .....                   l - +2 pair of boots
Stlth   ..........              (no amulet)
HPRegen 0.16/turn               (no ring)
MPRegen 0.10/turn               (no ring)

@: no status effects
A: thin metallic scales 1, condensation shield, demonic magic 1
a: Renounce Religion, Heroism


You were on level 4 of the Dungeon.
You worshipped Okawaru.
Okawaru was pleased with you.
You visited 1 branch of the dungeon, and saw 4 of its levels.

You collected 273 gold pieces.

Inventory:

Hand Weapons
 a - a +0 falchion
 r - a +2 short sword of draining
 v - a +4 quarterstaff of chaos (weapon)
Armour
 g - a +0 plate armour (worn)
 h - a +0 pair of gloves (worn)
 l - a +2 pair of boots (worn)
 o - the +0 ring mail "Kuurghuqi" {Dex+2}
   (You found it on level 3 of the Dungeon)

   Dex:       It affects your dexterity (+2).
 w - a +0 cloak (worn)
Scrolls
 b - 3 scrolls of teleportation
 i - a scroll of torment {unknown}
 k - a scroll of noise {unknown}
 m - 2 scrolls of fog {unknown}
 n - 2 scrolls of fear {unknown}
 p - 2 scrolls of enchant armour
 s - a scroll of blinking {unknown}
 t - a scroll of amnesia
 u - a scroll of vulnerability {unknown}
Potions
 c - 3 potions of ambrosia
 d - a potion of lignification
 e - 2 potions of curing {unknown}
 f - a potion of flight {unknown}
 j - a potion of might {unknown}
 q - a potion of mutation {unknown}
 x - a potion of heal wounds


   Skills:
 * Level 3.8 Fighting
 + Level 1.0(2.7) Short Blades
 * Level 4.1(4.2) Long Blades
 * Level 2.2 Armour
 * Level 3.6 Dodging
 - Level 1.7 Stealth
 + Level 0.1 Shields
 * Level 1.3 Unarmed Combat


You had 5 spell levels left.
You didn't know any spells.
Your spell library contained the following spells:

 Spells                   Type           Power      Damage    Failure   Level
 Apportation              Tloc           0%         N/A       100%        1
 Alistair's Intoxication  Tmut/Pois      0%         N/A       100%        5


Dungeon Overview and Level Annotations

Branches:
Dungeon (4/15)
 Temple: D:4-7

Altars:
Nemelex Xobeh
Okawaru
Trog
Wu Jian

Shops:
D:4 *


Innate Abilities, Weirdness & Mutations

You are partially covered in thin metallic scales. (AC +2)
A meltable shield of frost defends you. (SH +4)
Spells you cast may paralyse adjacent enemies.


Message History

You have reached level 6!
Your demonic ancestry asserts itself...
Thin metallic scales grow over part of your body.
Okay, then.
You start resting.
HP restored.
Found Tuefroef's Elemental Accessories.
Found an escape hatch in the floor.
There is an entrance to Tuefroef's Elemental Accessories here.
Found a stone staircase leading down.
Found 9 stones.
Found a hand axe.
A ball python and an ogre come into view.
The ball python hisses angrily.
You see here a +0 hand axe.
You closely miss the ball python.
The ball python bites you but does no damage.
The ball python grabs you. The ball python constricts you.
You completely miss the ball python.
The ball python bites you but does no damage.
The ball python constricts you. The ball python bites you.
The ball python constricts you.
You escape the ball python's grasp.
You see here a +0 hand axe.
Found 16 gold pieces.
You hit the ogre.
The ogre is moderately wounded.
The ogre hits you with a +0 giant club!
You thump the ogre!
The ogre is severely wounded.
The ogre barely misses you.
You hit the ogre.
The ogre seems to grow stronger.
The ogre is severely wounded.
The ogre hits you with a +0 giant club!!
Ouch! That really hurt!
* * * LOW HITPOINT WARNING * * *
You hit the ogre.
The ogre is poisoned.
The ogre is almost dead.
The ogre hits you with a +0 giant club!!
You die...

###.##...# ...
........# ...
#.....$.#...
#..........# #
#.###.......#..#.##
..........#......
#............$.
###.###@# #.....#O#
#....S)S# #
#....(#.##.#
##.........
#######.....####
.............>..
#######.....#.##
#.....#..###


You could see an ogre (strong, very poisoned) and a ball python.

Vanquished Creatures
  Menkaure (D:4)
  A jelly (D:4)
  Crazy Yiuf (D:4)
  2 iguanas
  3 adders
  A worm (D:3)
  2 dart slugs
  3 endoplasms
  4 goblins
  7 hobgoblins
  3 quokkas
  7 ball pythons
  8 bats
  3 frilled lizards (D:1)
  5 kobolds
  4 rats
55 creatures vanquished.

Notes
Turn   | Place    | Note
-------+----------+-------------------------------------------
     0 | D:1      | Allula97 the Demonspawn Monk began the quest for the Orb.
     0 | D:1      | Reached XP level 1. HP: 18/18 MP: 1/1
   313 | D:1      | Found a faded altar of an unknown god.
   334 | D:1      | Gained mutation: Spells you cast may paralyse adjacent
                  | enemies. [demonic ancestry]
   334 | D:1      | Reached XP level 2. HP: 24/24 MP: 2/2
   942 | D:2      | Reached skill level 3 in Long Blades
   976 | D:2      | Reached XP level 3. HP: 22/29 MP: 3/3
  2025 | D:3      | Reached skill level 1 in Armour
  2025 | D:3      | Gained mutation: A meltable shield of frost defends you.
                  | (SH +4) [demonic ancestry]
  2025 | D:3      | Reached XP level 4. HP: 11/35 MP: 4/4
  2283 | D:3      | Found a bloodstained altar of Trog.
  2288 | D:3      | Found a sparkling altar of Nemelex Xobeh.
  2293 | D:3      | Found an iron altar of Okawaru.
  2306 | D:3      | Found an ornate altar of the Wu Jian Council.
  2312 | D:3      | Became a worshipper of Warmaster Okawaru
  2312 | D:3      | Reached * piety under Okawaru
  2312 | D:3      | Reached ** piety under Okawaru
  2332 | D:3      | Identified the +0 ring mail "Kuurghuqi" {Dex+2}
  2762 | D:4      | Reached skill level 4 in Long Blades
  2762 | D:4      | Reached skill level 1 in Unarmed Combat
  2771 | D:4      | Reached XP level 5. HP: 6/41 MP: 5/5
  3178 | D:4      | Found a runed translucent door.
  3179 | D:4      | Noticed Crazy Yiuf
  3194 | D:4      | Killed Crazy Yiuf
  3550 | D:4      | Noticed Menkaure
  3557 | D:4      | Killed Menkaure
  3558 | D:4      | Reached skill level 1 in Short Blades
  3558 | D:4      | Gained mutation: You are partially covered in thin metallic
                  | scales. (AC +2) [demonic ancestry]
  3558 | D:4      | Reached XP level 6. HP: 22/48 MP: 6/6
  3717 | D:4      | Found Tuefroef's Elemental Accessories.
  3751 | D:4      | Mangled by an ogre

Illustrated notes

Levels and vault maps discovered:
D:1:      minmay_arrival_doors, layout_basic,
          dreamdust_ecumenical_altar_sealed_demon, minivault_5,
          interstate_on_off
D:2:      layout_basic
D:3:      layout_rooms, grunt_temple_overflow_cloverleaf
D:4:      layout_basic, nicolae_elemental_shop, uniq_crazy_yiuf_cottage,
          uniq_menkaure

Skill      XL: |  1  2  3  4  5 |
---------------+----------------+-----
Long Blades    | 3 4 |  4.1
Armour         | 1 2 |  2.2
Dodging        | 3 |  3.6
Unarmed Combat | 1 |  1.3
Short Blades   | 1 |  1.0
Fighting       | |  3.8
Stealth        | |  1.7
Shields        | |  0.1

Action                   |  1- 3 |  4- 6 || total
-------------------------+-------+-------++-------
Melee: Falchion          |    77 |     7 ||    84
       Punch             |     2 |     1 ||     3
       Short sword       |       |    55 ||    55
       Quarterstaff      |       |    10 ||    10
Invok: Heroism           |       |     1 ||     1
  Use: Scroll            |     5 |     2 ||     7
       Potion            |     2 |     1 ||     3
 Stab: Sleeping          |     2 |       ||     2
Armor: Plate armour      |    62 |    33 ||    95
Dodge: Dodged            |    11 |     8 ||    19
Block: Other             |       |     6 ||     6
